 Dungeon Crawl Stone Soup version 0.30-a0-279-g4b46babb21 (webtiles) character file.

Game seed: 18182824421815280739

5380 diana the Covert (level 10, 0/64 HPs)
             Began as a Kobold Brigand on Oct 16, 2022.
             Was an Initiate of Gozag.
             Slain by an orc priest
             ... wielding a +1 whip of venom
              (6 damage)
             ... on level 8 of the Dungeon.
             The game lasted 00:18:50 (8392 turns).

diana the Covert (Kobold Brigand)                   Turns: 8392, Time: 00:18:51

Health: 0/64       AC:  5    Str: 13    XL:     10   Next: 98%
Magic:  10/10      EV: 17    Int: 19    God:    Gozag
Gold:   508        SH:  0    Dex: 19    Spells: 9/9 levels left

rFire   . . .      SeeInvis .    J - +5 dagger of Watchfulness {spect, *Rage Str+4 Int+5 Stlth+}
rCold   . . .      Faith    .    (no shield)
rNeg    . . .      Spirit   .    b - +0 robe
rPois   .          Reflect  .    (no helmet)
rElec   .          Harm     .    c - +0 cloak
rCorr   .          Rampage  .    (no gloves)
Will    +....      Rage     20%  j - +1 pair of boots
Stlth   ++++++++..               y - amulet of magic regeneration
HPRegen 0.30/turn                z - ring of willpower
MPRegen 0.52/turn                C - ring of wizardry

@: lethally poisoned (0 -> -13), grasped by roots, on berserk cooldown, slowed,
constricted, very slow
A: small, no large weapons, nightstalker 3
a: Renounce Religion, Potion Petition, Call Merchant, Bribe Branch


You were on level 8 of the Dungeon.
You worshipped Gozag.
Gozag was pleased with you.
You visited 2 branches of the dungeon, and saw 9 of its levels.

You collected 701 gold pieces.
You paid 193 gold pieces to Gozag.

Inventory:

Hand Weapons
 r - a +2 short sword of venom
 F - a +2 dagger of venom
 J - the +5 dagger of Watchfulness (weapon) {spect, *Rage Str+4 Int+5 Stlth+}
   (You found it on level 7 of the Dungeon)

   When its wielder attacks, the weapon's spirit leaps out and strikes again.
   The spirit shares a part of any damage it takes with its wielder.
   Str:       It affects your strength (+4).
   Int:       It affects your intelligence (+5).
   *Rage:     It berserks you when you make melee attacks (+20% chance).
   Stlth:     It makes you more stealthy.
 N - a +1 dagger of holy wrath
Missiles
 d - 18 poisoned darts
 e - 3 curare-tipped darts
Armour
 b - a +0 robe (worn)
 c - a +0 cloak (worn)
 j - a +1 pair of boots (worn)
 p - a +0 troll leather armour {Pargi}
Jewellery
 y - an amulet of magic regeneration (around neck)
 z - a ring of willpower (left hand)
 C - a ring of wizardry (right hand)
Wands
 G - a wand of roots (33) (quivered)
Scrolls
 g - a scroll of vulnerability {unknown}
 i - 3 scrolls of identify
 l - a scroll of noise {unknown}
 m - 2 scrolls of enchant weapon
 n - 2 scrolls of teleportation
 o - a scroll of brand weapon {unknown}
 t - a scroll of summoning {unknown}
 u - a scroll of fear {unknown}
 A - 3 scrolls of butterflies {unknown}
 B - 2 scrolls of immolation {unknown}
 E - 3 scrolls of magic mapping {unknown}
 I - a scroll of poison {unknown}
 M - a scroll of amnesia {unknown}
Potions
 a - 3 potions of lignification {unknown}
 f - 3 potions of flight
 h - a potion of invisibility {unknown}
 k - a potion of brilliance {unknown}
 q - 2 potions of might {unknown}
 s - 4 potions of haste {unknown}
 v - a potion of cancellation {unknown}
 w - 2 potions of berserk rage {unknown}
 x - 3 potions of degeneration {unknown}
 D - a potion of resistance {unknown}
 H - a potion of heal wounds {unknown}
 K - 2 potions of magic {unknown}


   Skills:
 + Level 8.2 Fighting
 - Level 9.0 Short Blades
 - Level 2.1 Throwing
 + Level 8.7 Dodging
 * Level 14.5 Stealth


You had 9 spell levels left.
You didn't know any spells.
Your spell library contained the following spells:

 Spells                   Type           Power      Damage    Failure   Level
 Shock                    Conj/Air       0%         1d3       9%          1
 Slow                     Hex            0%         N/A       9%          1
 Call Canine Familiar     Summ           0%         N/A       24%         3
 Confusing Touch          Hex            0%         N/A       24%         3
 Frozen Ramparts          Ice            0%         1d1       24%         3
 Ozocubu's Armour         Ice            0%         N/A       24%         3
 Portal Projectile        Hex/Tloc       0%         N/A       24%         3
 Swiftness                Air            0%         N/A       24%         3
 Vampiric Draining        Necr           0%         2d6       24%         3
 Airstrike                Air            0%         2d(0-16)  58%         4
 Ice Form                 Ice/Tmut       0%         N/A       58%         4
 Leda's Liquefaction      Hex/Erth       0%         N/A       58%         4
 Summon Ice Beast         Ice/Summ       0%         N/A       58%         4
 Ozocubu's Refrigeration  Ice            0%         4d7       100%        7


Dungeon Overview and Level Annotations

Branches:
Dungeon (8/15)             Temple (1/1) D:6
   Lair: D:8-11

Altars:
Ashenzari
Cheibriados
Dithmenos
Elyvilon
Fedhas
Gozag
Kikubaaqudgha
Makhleb
Nemelex Xobeh
Okawaru
Qazlal
Ru
Uskayaw
Vehumet
Wu Jian
Xom
Yredelemnul
Zin
The Shining One

Annotations:
D:8 Amaemon


Innate Abilities, Weirdness & Mutations

You are small and have problems with some larger weapons.
You are completely attuned to the shadows.


Message History

You feel sick.
Amaemon hits you with a -1 demon whip of venom.
* * * LOW HITPOINT WARNING * * *
You are more poisoned.
Amaemon misses you.
Amaemon tail-slaps you but does no damage.
You hit Amaemon but do no damage.
Amaemon is heavily wounded.
Your +5 dagger of Watchfulness {spect, *Rage Str+4 Int+5 Stlth+} hits Amaemon!
You feel sick. The scorpion barely misses you.
The scorpion stings your +5 dagger of Watchfulness {spect, *Rage Str+4 Int+5 Stlth+} but does no damage.
The orc priest completely misses you.
Amaemon hits your +5 dagger of Watchfulness {spect, *Rage Str+4 Int+5 Stlth+} with a -1 demon whip of venom.
Your spectral weapon shares its damage with you!
* * * LOW HITPOINT WARNING * * *
Amaemon barely misses your +5 dagger of Watchfulness {spect, *Rage Str+4 Int+5 Stlth+}.
Amaemon misses your +5 dagger of Watchfulness {spect, *Rage Str+4 Int+5 Stlth+}.
You feel better. The scorpion barely misses you.
Amaemon zaps a wand.
The roots erupt in riotous growth!
The grasping roots grab you!
Amaemon is unaffected.
The orc priest is unaffected.
The scorpion is unaffected.
The grasping roots constrict you.
* * * LOW HITPOINT WARNING * * *
The orc priest hits you with a +1 whip of venom.
* * * LOW HITPOINT WARNING * * *
You are lethally poisoned!
The scorpion barely misses you.
You hear a shout!
Unknown command.
You feel better. The scorpion stings you!
* * * LOW HITPOINT WARNING * * *
You are poisoned.
The scorpion poisons you! Amaemon closely misses you. Amaemon claws you.
* * * LOW HITPOINT WARNING * * *
Amaemon barely misses you. The grasping roots constrict you!
* * * LOW HITPOINT WARNING * * *
The orc priest barely misses you. The scorpion misses you.
The orc priest hits you with a +1 whip of venom.
You die...
Your body crumbles into a pile of gold.

#...'.#.#####.....
#...#.#....##.....
#####)##'####.##.....
#...#.#.......#######
#..)#.#.......#
#...'.#......##
#...###.....[#
#...##########
#...@6s.# ###.os..#
#.....# #.....#
#.....#


You could see Amaemon, 2 scorpions and an orc priest.

Vanquished Creatures
  Erica (D:8)
  A two-headed ogre (D:8)
  Pikel (D:7)
  Maurice (D:8)
  An orange demon (D:8)
  A hornet (D:6)
  Grinder (D:3)
  A water moccasin (D:5)
  An ice beast (D:8)
  Pargi (D:3)
  An orc warrior (D:8)
  3 sky beasts
  A black bear (D:5)
  A centaur (D:6)
  4 lemures (D:7)
  A bullfrog (D:8)
  A scorpion (D:4)
  10 wights (D:8)
  9 killer bees
  5 hounds
  A jelly (D:6)
  4 orc priests
  An iguana (D:5)
  12 orc wizards
  11 adders
  2 shadow imps (D:7)
  3 white imps
  2 ufetubi
  A worm (D:3)
  2 dart slugs
  29 orcs
  3 bats
  6 endoplasms
  3 giant cockroaches
  8 goblins
  5 hobgoblins
  10 jackals
  10 kobolds
  3 quokkas
  8 ball pythons
  A frilled lizard (D:1)
  A rat (D:2)
172 creatures vanquished.

Vanquished Creatures (others)
  5 fungi (D:6)
5 creatures vanquished.

Grand Total: 177 creatures vanquished

Notes
Turn   | Place    | Note
-------+----------+-------------------------------------------
     0 | D:1      | diana the Kobold Brigand began the quest for the Orb.
     0 | D:1      | Reached XP level 1. HP: 12/12 MP: 1/1
   303 | D:1      | Reached XP level 2. HP: 10/18 MP: 2/2
  1147 | D:2      | You fall into a shaft and drop 1 floor!
  1175 | D:3      | Reached XP level 3. HP: 18/22 MP: 3/3
  1233 | D:3      | Noticed Pargi
  1237 | D:3      | Killed Pargi
  1238 | D:3      | Reached skill level 6 in Stealth
  1238 | D:3      | Reached XP level 4. HP: 28/28 MP: 4/4
  1238 | D:3      | Reached XP level 5. HP: 32/32 MP: 5/5
  1314 | D:3      | Noticed Grinder
  1321 | D:3      | Killed Grinder
  1322 | D:3      | Reached skill level 7 in Stealth
  1322 | D:3      | Reached XP level 6. HP: 30/38 MP: 6/6
  1458 | D:3      | Found a shadowy altar of Dithmenos.
  1679 | D:2      | Reached skill level 5 in Short Blades
  2372 | D:3      | Reached XP level 7. HP: 43/43 MP: 7/7
  2545 | D:3      | Found a snail-covered altar of Cheibriados.
  3490 | D:4      | Found a sacrificial altar of Ru.
  3582 | D:4      | Found an ornate altar of the Wu Jian Council.
  3664 | D:5      | Entered Level 5 of the Dungeon
  3672 | D:5      | Reached skill level 8 in Stealth
  3702 | D:5      | Noticed a water moccasin
  3930 | D:5      | Killed a water moccasin
  4003 | D:5      | Reached XP level 8. HP: 43/48 MP: 8/8
  4364 | D:5      | Reached skill level 5 in Fighting
  4364 | D:5      | Reached skill level 5 in Dodging
  4536 | D:5      | Reached skill level 9 in Stealth
  4631 | D:5      | Found a stormy altar of Qazlal.
  4880 | D:5      | Found a glowing silver altar of Zin.
  4880 | D:5      | Found a white marble altar of Elyvilon.
  4883 | D:5      | Found a glowing golden altar of the Shining One.
  4920 | D:6      | Found a staircase to the Ecumenical Temple.
  4926 | Temple   | Entered the Ecumenical Temple
  5043 | D:6      | Found an iron altar of Okawaru.
  5163 | D:6      | Found an ancient bone altar of Kikubaaqudgha.
  5456 | D:6      | Noticed a hornet
  5503 | D:6      | Killed a hornet
  5504 | D:6      | Reached skill level 10 in Stealth
  5642 | D:6      | Reached XP level 9. HP: 55/55 MP: 9/9
  6135 | D:7      | Reached skill level 11 in Stealth
  6747 | D:7      | Identified the +5 dagger of Watchfulness {spect, *Rage
                  | Str+4 Int+5 Stlth+}
  6869 | D:7      | Found a basalt altar of Yredelemnul.
  6927 | D:7      | Noticed Pikel
  6943 | D:7      | Killed Pikel
  6944 | D:7      | Reached skill level 12 in Stealth
  7219 | D:8      | Noticed Erica
  7228 | D:8      | Killed Erica
  7229 | D:8      | Reached XP level 10. HP: 57/63 MP: 10/10
  7371 | D:8      | Reached skill level 13 in Stealth
  7639 | D:8      | Noticed a two-headed ogre
  7684 | D:8      | Found a shimmering altar of Xom.
  7705 | D:8      | Noticed an orange demon
  7734 | D:8      | Killed a two-headed ogre
  7803 | Temple   | Became a worshipper of Gozag Ym Sagoz the Greedy
  7948 | D:8      | Reached skill level 14 in Stealth
  7978 | D:8      | Noticed Amaemon
  7986 | D:8      | Killed an orange demon
  8336 | D:8      | Noticed Maurice
  8340 | D:8      | Killed Maurice
  8392 | D:8      | Slain by an orc priest

Illustrated notes

Levels and vault maps discovered:
D:1:      ncdulo_wetmaze, layout_loops_corners, chequers_serial_rivers_micro_b,
          chequers_serial_rivers_micro_c, minmay_pentomino_z2
D:2:      layout_basic
D:3:      layout_basic, cheibrodos_worm_habitat, overflow_temple_1_default,
          minmay_misc_feat_cross, minmay_fountain_box, uniq_grinder, uniq_pargi
D:4:      dreamdust_elfheim, layout_cave_pools, nzn_wu_jian_contemplation,
          nicolae_ru_awakened_eye
D:5:      layout_loops_ring, dreamdust_divine_triumvirate,
          mainiacjoe_overflow_brackets, minmay_misc_feat_more_columns
D:6:      layout_loops_ring, marbit_many_paths, mainiacjoe_overflow_alcove_4,
          minmay_temple_entry_offerings
D:7:      layout_rooms, mainiacjoe_overflow_catwalk, uniq_pikel
D:8:      layout_basic, mainiacjoe_overflow_paths, uniq_amaemon, uniq_erica,
          uniq_maurice
Temple:   hellmonk_temple_two_chambers

Skill      XL: |  1  2  3  4  5  6  7  8  9 10 |
---------------+-------------------------------+-----
Short Blades   | 3 4 5 6 8 9 |  9.0
Dodging        | 2 3 4 5 7 8 |  8.7
Fighting       | 3 4 5 7 8 |  8.2
Stealth        | 6 7 8 10 12 14 | 14.5
Throwing       | |  2.1

Action                   |  1- 3 |  4- 6 |  7- 9 | 10-12 || total
-------------------------+-------+-------+-------+-------++-------
Melee: Dagger            |    54 |    49 |    80 |    89 ||   272
       Short sword       |       |       |   301 |       ||   301
       Punch             |       |       |     4 |     1 ||     5
  Use: Potion            |       |       |     4 |     2 ||     6
       Scroll            |       |       |       |     3 ||     3
 Stab: Sleeping          |    11 |    18 |    23 |     2 ||    54
       Distracted        |       |       |     5 |     7 ||    12
Armor: Robe              |     8 |     2 |    76 |     5 ||    91
Dodge: Dodged            |    28 |    13 |   253 |    74 ||   368

Table legend: (Time is in decaauts)
 A = Elapsed time spent in this place.
 B = Non-inter-level travel time spent in this place.
 C = Inter-level travel time spent in this place.
 D = Time resting spent in this place.
 E = Time spent auto-exploring this place.
 F = Levels seen in this place.
 G = Mean time per level.
                   A        B        C        D        E       F      G
               +--------+--------+--------+--------+--------+-----+--------+
         Total |   8325 |   7835 |    490 |    825 |   5702 |   9 |  925.0 |
       Dungeon |   8252 |   7775 |    477 |    825 |   5681 |   8 | 1031.5 |
        Temple |     73 |     60 |     13 |      0 |     21 |   1 |   73.0 |
               +--------+--------+--------+--------+--------+-----+--------+

Top non-repeatable levels by time:
     D:6: 1421 daAuts
     D:8: 1125 daAuts
     D:5: 1076 daAuts
     D:3: 992 daAuts
     D:1: 979 daAuts
     D:4: 908 daAuts
     D:2: 897 daAuts
     D:7: 851 daAuts
  Temple: 73 daAuts
